 Dungeon Crawl Stone Soup version 0.29.1-2-gbd0b4ee654 (webtiles) character file.

Game seed: 5910681481461124342

16 JacoesBerries the Conjurer (level 2, -2/15 HPs)
             Began as a Deep Elf Conjurer on Nov 9, 2022.
             Slain by a goblin
             ... wielding a +0 club
              (3 damage)
             ... on level 1 of the Dungeon.
             The game lasted 00:02:09 (629 turns).

JacoesBerries the Conjurer (Deep Elf Conjurer)       Turns: 629, Time: 00:02:09

Health: -2/15      AC:  5    Str:  4    XL:     2   Next: 37%
Magic:  8/8        EV: 12    Int: 22    God:
Gold:   20         SH:  0    Dex: 13    Spells: 5/7 levels left

rFire   . . .      SeeInvis .   f - +0 dagger
rCold   . . .      Faith    .   (no shield)
rNeg    . . .      Spirit   .   a - +0 robe
rPois   .          Reflect  .   (no helmet)
rElec   .          Harm     .   (no cloak)
rCorr   .          Rampage  .   c - +2 pair of gloves
Will    .....                   (no boots)
Stlth   ++........              (no amulet)
HPRegen 0.05/turn               (no ring)
MPRegen 0.11/turn               (no ring)

@: no status effects
A: no striking features
a: no special abilities


You were on level 1 of the Dungeon.
You visited 1 branch of the dungeon, and saw 1 of its levels.

You collected 20 gold pieces.

Inventory:

Hand Weapons
 f - a +0 dagger (weapon)
Armour
 a - a +0 robe (worn)
 c - a +2 pair of gloves (worn)
Scrolls
 e - a scroll of silence {unknown}
 g - a scroll of magic mapping {unknown}
Potions
 b - a potion of magic
 d - a potion of brilliance {unknown}
 h - a potion of attraction {unknown}


   Skills:
 + Level 2.4 Dodging
 + Level 2.6 Stealth
 + Level 3.2 Spellcasting
 + Level 4.9 Conjurations


You had 5 spell levels left.
You knew the following spells:

 Your Spells              Type           Power      Damage    Failure   Level
a - Magic Dart            Conj           100%       1d8       1%          1
b - Necrotise             Necr           12%        1d4       12%         1

Your spell library contained the following spells:

 Spells                   Type           Power      Damage    Failure   Level
 Searing Ray              Conj           50%        2d6       2%          2
 Dazzling Flash           Conj/Hex       28%        N/A       13%         3
 Vampiric Draining        Necr           3%         2d6       36%         3
 Fulminant Prism          Conj/Hex       7%         3d7       41%         4
 Iskenderun's Mystic Bla  Conj/Tloc      14%        2d5       41%         4
 Agony                    Necr           3%         N/A       98%         5


Dungeon Overview and Level Annotations

Branches:
Dungeon (1/15)

Altars:


Message History

Okay, then.
You barely miss the goblin. The goblin hits you with a +0 club.
You closely miss the goblin. The goblin misses you.
You completely miss the goblin. The goblin hits you with a +0 club.
You closely miss the goblin. The goblin hits you but does no damage.
The goblin attacks as you move away! The goblin closely misses you.
The goblin attacks as you move away! The goblin hits you but does no damage.
The kobold throws a stone.
The stone completely misses you. The goblin attacks as you move away!
The goblin hits you with a +0 club. The goblin attacks as you move away!
The goblin closely misses you. The goblin attacks as you move away!
The goblin hits you but does no damage. The goblin attacks as you move away!
The goblin hits you but does no damage. The goblin attacks as you move away!
The goblin hits you but does no damage. The goblin attacks as you move away!
The goblin hits you but does no damage. The goblin attacks as you move away!
The goblin hits you with a +0 club. The goblin attacks as you move away!
The goblin closely misses you. The goblin attacks as you move away!
The goblin completely misses you. The goblin attacks as you move away!
The goblin hits you with a +0 club. The goblin attacks as you move away!
The goblin hits you with a +0 club. The goblin attacks as you move away!
The goblin barely misses you. The goblin attacks as you move away!
The goblin closely misses you. The goblin attacks as you move away!
The goblin hits you but does no damage. The goblin barely misses you.
The goblin attacks as you move away! The goblin hits you with a +0 club.
The goblin attacks as you move away! The goblin closely misses you.
The goblin attacks as you move away! The goblin barely misses you.
The kobold throws a stone.
The stone closely misses you. The goblin attacks as you move away!
The goblin hits you with a +0 club.
The kobold throws a stone.
The stone hits you but does no damage. The goblin attacks as you move away!
The goblin hits you with a +0 club.
* * * LOW HITPOINT WARNING * * *
The kobold throws a stone.
The stone barely misses you. The goblin attacks as you move away!
The goblin hits you with a +0 club.
* * * LOW HITPOINT WARNING * * *
The ball python attacks as you move away!
The ball python bites you.
* * * LOW HITPOINT WARNING * * *
The goblin attacks as you move away! The goblin closely misses you.
The goblin attacks as you move away! The goblin hits you with a +0 club.
You die...

#.........# #..[# #.##.##.##
.....##.#.# #...# #.......#
#.#..##.#S# #...# #.......##
#.#.....#.# #...# #.##.##..##
#.#.##..#.# #...# #.......#..
......K...# #...# #.##....##.
.......K#######♣♣.♣♣# #.#...#.##.
.####..#.÷.§§♣Sg♣...♣♣...........
.........K.§§§♣♣@.♣♣♣§§.......##.
.####..#..§§.♣♣♣∩.∩..♣8.......##.
.....#####♣..∩...∩♣..##.....##.
#####.# #♣♣♣∩..⌠..∩♣♣.###......
#.# ...∩.......∩.♣.......#. ..#
♣♣..⌠.<.⌠...♣.##...... ###
♣.∩.......∩♣..##.##...
..♣.∩[.⌠..∩.♣♣.##....#.
#.♣♣∩...§♣♣.#○##......


You could see a goblin and a ball python.

Vanquished Creatures
  3 bats (D:1)
  An endoplasm (D:1)
  3 goblins (D:1)
  A hobgoblin (D:1)
  A ball python (D:1)
  A frilled lizard (D:1)
  2 kobolds (D:1)
  2 rats (D:1)
14 creatures vanquished.

Notes
Turn   | Place    | Note
-------+----------+-------------------------------------------
     0 | D:1      | JacoesBerries the Deep Elf Conjurer began the quest for the
                  | Orb.
     0 | D:1      | Reached XP level 1. HP: 10/10 MP: 6/6
   257 | D:1      | Learned a level 1 spell: Necrotise
   344 | D:1      | Reached XP level 2. HP: 12/15 MP: 4/8
   553 | D:1      | Noticed an eye of devastation
   555 | D:1      | Found a faded altar of an unknown god.
   629 | D:1      | Slain by a goblin

Illustrated notes

Levels and vault maps discovered:
D:1:      heliophobic_arrival_enchanted_forest, layout_loops_cross,
          hellmonk_ecumenical_altar_watching_god, minmay_crystal_water,
          chequers_garden

Action                   || total
-------------------------++-------
Melee: Dagger            ||     4
 Cast: Magic Dart        ||    20
       Necrotise         ||     4
Armor: Robe              ||    10
Dodge: Dodged            ||    17
